 Dungeon Crawl Stone Soup version 0.30.0-29-ga12c61a403 (webtiles) character file.

Game seed: 15049528272945789243

763 qw the Chopper (level 7, -1/44 HPs)
             Began as a Gargoyle Fighter on June 4, 2023.
             Slain by a gnoll
             ... wielding a +0 halberd
             ... led by a gnoll bouda
              (3 damage)
             ... on level 5 of the Dungeon.
             The game lasted 00:02:21 (4043 turns).

qw the Chopper (Gargoyle Fighter)                   Turns: 4043, Time: 00:02:21

Health: -1/44      AC: 15    Str: 27      XL:     7   Next: 81%
Magic:  7/7        EV:  9    Int:  9      God:
Gold:   186        SH:  0    Dex: 14 (15) Spells: 6/6 levels left

rFire   . . .        Y - +1 war axe
rCold   . . .        c - +0 buckler
rNeg    + . .        e - +0 chain mail
rPois   inf          (no helmet)
rElec   +            (no cloak)
rCorr   .            n - +0 pair of gloves
SInv    .            (no boots)
Will    .....        (no amulet) Stlth
                     b - +6 ring of strength
HPRegen 0.27/turn    p - +6 ring of dexterity
MPRegen 0.10/turn

%: no passive effects
@: confused
A: sickness immunity, AC +4, negative energy resistance 1, electricity
resistance, torment resistance 1, petrification resistance
a: no special abilities


You were on level 5 of the Dungeon.
You visited 1 branch of the dungeon, and saw 5 of its levels.
You also visited: Sewer.

You collected 186 gold pieces.


Innate Abilities, Weirdness & Mutations

You are immune to sickness and miasma.
Your stone body is resilient. (AC +4)
You are immune to poison.
You resist negative energy. (rN+)
You are resistant to electric shocks. (rElec)
You are resistant to unholy torment.
You are immune to petrification.


   Skills:
 - Level 4.5 Fighting
 + Level 6.9 Axes
 - Level 3.2 Armour
 - Level 2.0 Dodging
 - Level 3.2 Shields


You had 6 spell levels left.
You didn't know any spells.
Your spell library was empty.

Inventory:

Hand Weapons
 t - a +4 flail
 Y - a +1 war axe (weapon)
Armour
 c - a +0 buckler (worn)
 e - a +0 chain mail (worn)
 n - a +0 pair of gloves (worn)
Jewellery
 b - a +6 ring of strength (left hand)
 p - a +6 ring of dexterity (right hand)
Scrolls
 k - a scroll of identify
Potions
 a - a potion of resistance
 d - 2 potions of might
 f - a potion of haste
 g - a potion of attraction
 h - a potion of lignification
 j - a potion of mutation {unknown}
 o - a potion of heal wounds {unknown}
 q - a potion of invisibility {unknown}
 r - a potion of cancellation {unknown}

Dungeon Overview and Level Annotations

Branches:
Dungeon (5/15)              Sewer (visited)
 Temple: D:4-7

Altars:
Ashenzari
Cheibriados
Sif Muna


Message History

You block something's attack. The gnoll barely misses you.
You hear some strange, mumbled words.
A puff of flame appears from out of thin air!
The puff of flame hits you!
You slice the orc!!
You kill the orc!
You hit something but do no damage. You hit something. Something hits you.
The gnoll closely misses you.
You hear some strange, mumbled words.
You are confused.
Something hits you. x2; The gnoll barely misses you.
Something hits you but does no damage. The gnoll closely misses you.
Something completely misses you. Something hits you but does no damage.
The gnoll hits you from afar with a +0 halberd.
Something hits you but does no damage.
You hear some strange, mumbled words.
You are more confused.
Something hits you but does no damage. The gnoll hits you but does no damage.
The gnoll hits you from afar with a +0 halberd.
Something hits you. x2
Something hits you but does no damage. The gnoll completely misses you.
Something hits you but does no damage. Something hits you but does no damage.
The gnoll barely misses you.
You hear some strange, mumbled words.
A magic dart appears from out of thin air!
The magic dart hits you! Something hits you.
Something hits you but does no damage. The gnoll barely misses you.
A gnoll comes into view. It is wielding a +0 halberd.
The gnoll shouts!
You hear some strange, mumbled words.
Something tries to affect you, but you resist.
The gnoll throws a poisoned dart.
The poisoned dart closely misses you. Something hits you.
You hear some strange, mumbled words.
A magic dart appears from out of thin air!
The magic dart hits you but does no damage.
Something hits you but does no damage.
The gnoll hits you from afar with a +0 halberd.
You die...

#..### #g... #.... #...
## #..########
.##..##g.#......#
......{{.#......#
......)@)+......#
.###+###'#......#
#....#..###....#
#....+....'....#
#....#....#....#
#......#....######..?.#
#......#..............#
#......#..........)...#
#...>..#..............#


You could see 2 gnolls.

Vanquished Creatures
  Edmund (D:4)
  3 kobold brigands
  A scorpion (D:4)
  2 jellies (D:4)
  An orc priest (D:4)
  An iron imp (D:3)
  Natasha (D:2)
  2 iguanas
  4 river rats (Sewer)
  4 adders
  A gnoll (D:5)
  2 dart slugs
  7 orcs
  8 ball pythons
  8 endoplasms
  5 giant cockroaches
  7 goblins
  9 hobgoblins
  16 kobolds
  4 quokkas
  9 bats
  3 frilled lizards (D:2)
  6 rats
105 creatures vanquished.

Notes
Turn   | Place    | Note
-------+----------+-------------------------------------------
     0 | D:1      | qw the Gargoyle Fighter began the quest for the Orb.
     0 | D:1      | Reached XP level 1. HP: 14/14 MP: 1/1
     0 | D:1      | 0 ||| qw: Version: 0.2-a-107-g4668610
     0 | D:1      | 0 ||| qw: Game counter: 1203
     0 | D:1      | 0 ||| qw: Always use a shield: true
     0 | D:1      | 0 ||| qw: God list: Okawaru
     0 | D:1      | 0 ||| qw: Allow faded altars: false
     0 | D:1      | 0 ||| qw: Do Orc after D:15 true
     0 | D:1      | 0 ||| qw: Do second Lair branch before Depths: true
     0 | D:1      | 0 ||| qw: Lair rune preference: random
     0 | D:1      | 0 ||| qw: Plans: Normal, Zot:1-4, Slime:5, God:TSO, Crypt,
                  | Tomb, Abyss, Pan, Hells, Win
     0 | D:1      | 0 ||| PLANNING D:1-11
    44 | D:1      | Reached skill level 2 in Axes
   120 | D:1      | Reached XP level 2. HP: 19/19 MP: 2/2
   388 | D:1      | 388 ||| DROPPING +0 mace.
   630 | D:1      | Reached skill level 3 in Axes
   653 | D:1      | Reached XP level 3. HP: 23/23 MP: 3/3
   757 | D:1      | Found a faded altar of an unknown god.
   825 | D:1      | 825 ||| UPGRADING to +0 chain mail.
   835 | D:1      | 835 ||| DROPPING +0 scale mail.
   836 | D:1      | 836 ||| READING scroll labelled ZUTROG KYTZ.
   837 | D:1      | 837 ||| READING 2 scrolls labelled IRULIK USHYPP.
   838 | D:1      | 838 ||| READING scroll labelled IFEBAHYCLI.
   839 | D:1      | 839 ||| READING scroll labelled SAYDYUTAIRCH.
   840 | D:1      | 840 ||| DRINKING 2 murky amethyst potions.
   841 | D:1      | 841 ||| DROPPING scroll of amnesia.
   885 | D:2      | You fall into a shaft and drop 1 floor!
   939 | D:3      | Found a snail-covered altar of Cheibriados.
   975 | D:3      | 975 ||| Stepping ~*~*~tactically~*~*~ (stealth).
   987 | D:3      | Reached XP level 4. HP: 27/28 MP: 4/4
  1291 | D:2      | Reached skill level 4 in Axes
  1294 | D:2      | 1294 ||| Stepping ~*~*~tactically~*~*~ (stealth).
  1314 | D:2      | 1314 ||| FLEEEEING.
  1316 | D:2      | 1316 ||| FLEEEEING.
  1319 | D:2      | 1319 ||| STAIRDANCE
  1361 | D:1      | 1361 ||| UPGRADING to +6 ring of strength.
  1370 | D:2      | 1370 ||| Stepping ~*~*~tactically~*~*~ (stealth).
  1374 | D:2      | 1374 ||| Stepping ~*~*~tactically~*~*~ (stealth).
  1528 | D:2      | 1528 ||| DROPPING +2 whip of venom.
  1531 | D:2      | 1531 ||| Stepping ~*~*~tactically~*~*~ (stealth).
  1539 | D:2      | 1539 ||| Stepping ~*~*~tactically~*~*~ (hiding).
  1562 | D:2      | 1562 ||| Stepping ~*~*~tactically~*~*~ (stealth).
  1688 | D:2      | Noticed Natasha
  1690 | D:2      | 1690 ||| Stepping ~*~*~tactically~*~*~ (hiding).
  1696 | D:2      | Killed Natasha
  1697 | D:2      | Reached XP level 5. HP: 19/32 MP: 5/5
  1778 | D:2      | 1778 ||| READING 2 scrolls labelled UCHUPR ARCHI.
  1779 | D:2      | 1779 ||| READING scroll labelled AHOKLI COUXU.
  1780 | D:2      | 1780 ||| DROPPING scroll of noise.
  2403 | D:3      | 2403 ||| Stepping ~*~*~tactically~*~*~ (hiding).
  2425 | D:3      | Found a broken altar of Ashenzari.
  2509 | D:3      | 2509 ||| UPGRADING to +0 pair of gloves.
  2514 | D:3      | 2514 ||| READING 2 scrolls labelled KOBBAI RIUC.
  2517 | D:3      | 2517 ||| READING 2 scrolls labelled DAOKHUOLIUH.
  2518 | D:3      | 2518 ||| DRINKING 2 silvery potions.
  2544 | D:4      | 2544 ||| PLANNING SEWER
  2552 | D:4      | Reached skill level 5 in Axes
  2735 | D:4      | Found a glowing drain.
  2736 | D:4      | 2736 ||| UPGRADING to +6 ring of dexterity.
  2737 | D:4      | 2737 ||| READING scroll labelled LER YL XANA.
  2738 | D:4      | 2738 ||| DRINKING 2 grey potions.
  2769 | D:4      | 2769 ||| READING 2 scrolls of identify.
  2769 | D:4      | 2769 ||| IDENTIFYING sedimented white potion
  2770 | D:4      | 2770 ||| DROPPING potion of flight.
  2787 | Sewer    | Entered a sewer
  2799 | Sewer    | 2799 ||| Stepping ~*~*~tactically~*~*~ (water).
  2810 | Sewer    | Noticed a kobold brigand
  2821 | Sewer    | Killed a kobold brigand
  2822 | Sewer    | Reached XP level 6. HP: 36/37 MP: 6/6
  3042 | Sewer    | 3042 ||| Stepping ~*~*~tactically~*~*~ (hiding).
  3066 | Sewer    | 3066 ||| DRINKING 3 sapphire potions.
  3067 | Sewer    | 3067 ||| DROPPING 2 potions of degeneration.
  3096 | D:4      | 3096 ||| PLANNING D:1-11
  3197 | D:4      | Reached XP level 7. HP: 20/44 MP: 7/7
  3221 | D:4      | 3221 ||| Stepping ~*~*~tactically~*~*~ (stealth).
  3285 | D:4      | 3285 ||| DROPPING +0 flail.
  3296 | D:4      | Noticed Edmund
  3307 | D:4      | HP: 10/44 [kobold brigand/+0 dagger (3)]
  3308 | D:4      | 3308 ||| READING scroll of teleportation.
  3361 | D:4      | 3361 ||| Stepping ~*~*~tactically~*~*~ (stealth).
  3362 | D:4      | 3362 ||| Stepping ~*~*~tactically~*~*~ (stealth).
  3432 | D:4      | 3432 ||| Stepping ~*~*~tactically~*~*~ (stealth).
  3448 | D:4      | Killed Edmund
  3449 | D:4      | Reached skill level 6 in Axes
  3874 | D:4      | Found a shimmering blue altar of Sif Muna.
  3949 | D:4      | 3949 ||| DRINKING 2 coppery potions.
  3950 | D:4      | 3950 ||| READING 3 scrolls of identify.
  3950 | D:4      | 3950 ||| IDENTIFYING glowing clear potion
  3951 | D:4      | 3951 ||| READING 2 scrolls of identify.
  3951 | D:4      | 3951 ||| IDENTIFYING fizzy grey potion
  3952 | D:4      | 3952 ||| DROPPING potion of brilliance.
  3969 | D:5      | Entered Level 5 of the Dungeon
  4025 | D:5      | 4025 ||| DRINKING potion of curing.
  4025 | D:5      | 4025 ||| (to cure confusion)
  4038 | D:5      | HP: 11/44 [something (1)]
  4040 | D:5      | HP: 5/44 [something/magic dart (7)]
  4042 | D:5      | HP: 2/44 [something (1)]
  4043 | D:5      | Slain by a gnoll

Levels and vault maps discovered:
D:1:      mushboom_english_gardens, layout_basic,
          shapermc_ecumenical_altar_mp_vishouse
D:2:      layout_loops_cross, uniq_natasha
D:3:      layout_loops_ring, chei_slow_surprise, nicolae_ashenzari_panopticon,
          chequers_avenue
D:4:      layout_rooms, lemuel_blue_sif_altar, cheibrodos_sewer_entry_sluice,
          grunt_decor_junction, uniq_edmund
D:5:      layout_gridville

Skill      XL: |  1  2  3  4  5  6  7 |
---------------+----------------------+-----
Axes           | 2 3 4 5 6 |  6.9
Dodging        | 2 |  2.0
Fighting       | 4 |  4.5
Armour         | |  3.2
Shields        | |  3.2

Action                     |  1- 3 |  4- 6 |  7- 9 || total
---------------------------+-------+-------+-------++-------
  Melee: War axe           |    73 |   226 |    74 ||   373
    Use: Scroll            |     4 |     6 |     3 ||    13
         Potion            |     1 |     3 |     2 ||     6
 Armour: Scale mail        |    28 |       |       ||    28
         Chain mail        |     5 |   134 |    50 ||   189
  Dodge: Dodged            |    35 |    83 |    30 ||   148
  Block: Buckler           |    12 |    41 |    16 ||    69

Table legend:
 A = Non-vault XP
 B = Vault XP
 C = Vault XP percentage of total XP
 D = Non-vault monster count
 E = Vault monster count
 F = Vault count percentage of total count
                 A         B        C        D         E       F
            +---------+---------+-------+---------+---------+-------
      Total |     572 |     519 |  47.6 |      82 |      23 |  21.9
            +---------+---------+-------+---------+---------+-------
        D:1 |      42 |       0 |   0.0 |      22 |       0 |   0.0
        D:2 |      67 |      35 |  34.3 |      22 |       1 |   4.3
        D:3 |      36 |      40 |  52.6 |      13 |       1 |   7.1
        D:4 |     402 |     166 |  29.2 |      20 |       3 |  13.0
        D:5 |      25 |       0 |   0.0 |       5 |       0 |   0.0
      Sewer |       0 |     278 | 100.0 |       0 |      18 | 100.0
            +---------+---------+-------+---------+---------+-------
